 Dungeon Crawl Stone Soup version 0.27.1-34-g3ba077fa99 (webtiles) character file.

Game seed: 10842524067072449064

19456 Cykl0x the Carver (level 12, -2/72 HPs)
             Began as a Gargoyle Gladiator on Jan 7, 2022.
             Was a Priest of the Shining One.
             Shot with an arrow by a centaur warrior (4 damage)
             ... on level 12 of the Dungeon.
             The game lasted 00:24:57 (10586 turns).

Cykl0x the Carver (Gargoyle Gladiator)             Turns: 10586, Time: 00:24:58

Health: -2/72      AC: 22    Str: 24    XL:     12   Next: 69%
Magic:  16/21      EV: 17    Int:  8    God:    the Shining One [***...]
Gold:   566        SH:  5    Dex: 15    Spells: 20/23 levels left

rFire    + . .     SeeInvis .   q - +0 scimitar
rCold    . . .     Faith    .   d - +0 buckler
rNeg     + + .     Spirit   .   B - +0 acid dragon scales
rPois    ∞         Reflect  .   c - +1 helmet
rElec    +         Harm     .   r - +0 cloak
rCorr    +         Rampage  .   m - +0 pair of gloves
Will     .....                  (no boots)
Stlth    +.........             n - amulet of regeneration
HPRegen  1.22/turn              i - +4 ring of evasion
MPRegen  0.17/turn              s - ring of protection from fire

@: wereblooded (expiring), flying, glowing
A: sickness immunity, AC +8, negative energy resistance 1, electricity
resistance, torment resistance 1, petrification resistance, big wings, agile 2,
dopey 1, strong 1
a: Renounce Religion, Divine Shield


You were on level 12 of the Dungeon.
You worshipped the Shining One.
The Shining One was most pleased with you.
You visited 2 branches of the dungeon, and saw 13 of its levels.

You collected 626 gold pieces.
You spent 39 gold pieces at shops.
You donated 21 gold pieces to Zin.

Inventory:

Hand Weapons
 a - a +0 long sword
 q - a +0 scimitar (weapon)
 D - a +2 dagger of electrocution
Missiles
 f - 509 stones
 v - 16 poisoned darts
Armour
 b - a +0 leather armour
 c - a +1 helmet (worn)
 d - a +0 buckler (worn)
 h - a +0 ring mail
 m - a +0 pair of gloves (worn)
 p - a +2 scale mail of cold resistance
 r - a +0 cloak (worn)
 B - +0 acid dragon scales (worn)
Jewellery
 i - a +4 ring of evasion (left hand)
 n - an amulet of regeneration (around neck)
 s - a ring of protection from fire (right hand)
 y - a ring of willpower
 H - an amulet of guardian spirit
Wands
 j - a wand of digging (9)
 u - a wand of flame (23)
 x - a wand of polymorph (7)
Scrolls
 e - a scroll of silence
 g - 3 scrolls of enchant armour
 k - 3 scrolls of immolation
 C - a scroll of holy word
 F - a scroll of amnesia
 I - a scroll of noise {unknown}
 J - 2 scrolls of identify
 K - a scroll of acquirement {unknown}
Potions
 l - a potion of magic
 t - 5 potions of curing
 w - 2 potions of attraction
 z - a potion of might {unknown}
 A - a potion of invisibility {unknown}
 E - 2 potions of degeneration {unknown}
 G - 2 potions of brilliance {unknown}


   Skills:
 + Level 7.1 Fighting
 + Level 10.0 Long Blades
 + Level 3.7 Throwing
 * Level 8.6 Armour
 + Level 4.9 Dodging
 + Level 3.1 Shields
 + Level 6.0 Spellcasting
 * Level 4.4 Conjurations
 + Level 5.2 Transmutations
 * Level 3.2 Air Magic
 * Level 7.7 Invocations


You had 20 spell levels left.
You knew the following spells:

 Your Spells              Type           Power      Damage    Failure   Level
a - Wereblood             Tmut           10%        N/A       5%          2
b - Shock                 Conj/Air       32%        1d5       6%          1

Your spell library contained the following spells:

 Spells                   Type           Power      Damage    Failure   Level
 Beastly Appendage        Tmut           20%        N/A       3%          1
 Corpse Rot               Necr/Air       N/A        N/A       24%         2
 Poisonous Vapours        Pois/Air       10%        N/A       24%         2
 Swiftness                Air            7%         N/A       24%         3
 Spider Form              Tmut/Pois      3%         N/A       32%         3
 Airstrike                Air            3%         N/A       63%         4
 Blade Hands              Tmut           5%         N/A       69%         5
 Animate Armour           Summ/Erth      4%         N/A       97%         4
 Freezing Cloud           Conj/Ice/Air   3%         6-21      97%         5
 Dispersal                Tloc           1%         N/A       100%        6
 Iron Shot                Conj/Erth      2%         9d2       100%        6
 Disjunction              Tloc           1%         N/A       100%        8


Dungeon Overview and Level Annotations

Branches:
Dungeon (12/15)            Temple (1/1) D:6            Lair (0/6) D:8
    Orc (0/2) D:12

Altars:
Ashenzari
Cheibriados
Dithmenos
Elyvilon
Fedhas
Gozag
Hepliaklqana
Kikubaaqudgha
Makhleb
Nemelex Xobeh
Okawaru
Qazlal
Ru
Sif Muna
Trog
Uskayaw
Vehumet
Wu Jian
Xom
Yredelemnul
Zin
The Shining One
Jiyva

Shops:
D:3 *   D:12 (

Annotations:
D:3 3 runed translucent doors, vim's ghost, amateur VSFi
D:4 2 transporters, Ywein's ghost, amateur VSBe
D:7 3 runed translucent doors, lasso's ghost, novice DDFi


Innate Abilities, Weirdness & Mutations

You are immune to sickness and miasma.
Your stone body is resilient. (AC +8)
You are immune to poison.
You resist negative energy. (rN+)
You are resistant to electric shocks. (rElec)
You are resistant to unholy torment.
You are immune to petrification.
Your large and strong wings let you fly.
You are very agile. (Dex +4)
You are dopey. (Int -2)
Your muscles are strong. (Str +2)


Message History

The centaur warrior is moderately wounded.
The centaur warrior hits you.
The centaur warrior kicks you but does no damage.
You hit the centaur warrior but do no damage.
The centaur warrior is moderately wounded.
Your primal bloodlust is almost over.
The centaur warrior hits you but does no damage.
You block the centaur warrior's attack.
The deep elf archer blinks!
You slice the centaur warrior!!
The centaur warrior is severely wounded.
The centaur warrior closely misses you. The centaur warrior barely misses you.
The deep elf archer unwields a +1 dagger of holy wrath.
It stops glowing.
The deep elf archer wields a +0 longbow.
The deep elf archer shoots an arrow.
The arrow hits you but does no damage. The centaur warrior hits you.
The centaur warrior kicks you but does no damage.
The centaur warrior wields a +1 shortbow of flaming.
It bursts into flame!
The centaur warrior shoots an arrow.
The arrow hits you!
* * * LOW HITPOINT WARNING * * *
The arrow burns you.
* * * LOW HITPOINT WARNING * * *
The deep elf archer blinks!
The centaur warrior shoots an arrow.
You block the arrow.
The deep elf archer shoots an arrow.
The arrow hits you.
* * * LOW HITPOINT WARNING * * *
The centaur warrior shoots an arrow.
The arrow hits you.
* * * LOW HITPOINT WARNING * * *
The arrow burns you.
* * * LOW HITPOINT WARNING * * *
The deep elf archer shoots an arrow.
The arrow hits you.
* * * LOW HITPOINT WARNING * * *
Okay, then.
You feel better.
The centaur warrior shoots an arrow.
The arrow hits you!
* * * LOW HITPOINT WARNING * * *
The arrow burns you.
* * * LOW HITPOINT WARNING * * *
The centaur warrior shoots an arrow.
The arrow barely misses you.
The centaur warrior shoots an arrow.
The arrow hits you.
You die...

.....#.....#####.....#.###..#..#
#....#...................#..#..#
#....#.#########.....#.#.#..#..#
#..........#####.....#.#.#..#..#
.....................#...#..#..#
....#......#########.....#..#..##
.................................
.#.#....##.........e.....#..##.#.
........##.#####@..............#.
8.)........#####..#####.#.######.
.###.......#.......# #..........
<# #.......#######.# ###########
.# #...###.# #c# ∩# #...#
#.#....?#u#)....#
.###...###.#...#$#.#[#...#
8..........## ###C### ##
..####.....#


Q9c You could see a purple ugly thing, a centaur warrior and a deep elf archer
(repels missiles).

Vanquished Creatures
  3 boulder beetles
  A centaur warrior (D:11)
  A death knight (D:12)
  2 two-headed ogres
  A manticore (D:12)
  4 cyclopes
  An ugly thing (D:11)
  Maurice (D:8)
  3 trolls
  2 hornets
  9 slime creatures
  2 wraiths (D:12)
  A wyvern (D:9)
  A shadow (D:11)
  12 yaks
  2 steam dragons
  2 acid dragons
  A water moccasin (D:7)
  16 orc warriors
  A sky beast (D:7)
  An ice beast (D:6)
  A black bear (D:4)
  A necrophage (D:7)
  8 ogres
  9 centaurs
  3 kobold brigands
  A phantom (D:5)
  5 bullfrogs
  2 gnoll sergeants
  4 scorpions
  2 wyvern zombies
  A water moccasin zombie (D:7)
  A water moccasin skeleton (D:4)
  11 killer bees
  2 electric eels (D:6)
  9 wights
  2 howler monkeys
  5 centaur zombies
  A hound (D:2)
  4 jellies
  An orc priest (D:5)
  2 gnoll shamans
  5 orc wizards
  An iguana (D:4)
  A hound skeleton (D:5)
  A howler monkey skeleton (D:4)
  8 adders
  15 gnolls
  2 white imps
  An ufetubus (D:4)
  An adder skeleton (D:4)
  4 worms
  3 dart slugs
  51 orcs
  10 ball pythons
  12 endoplasms
  5 giant cockroaches
  15 goblins
  9 hobgoblins
  4 jackals (D:3)
  4 quokkas
  6 bats
  5 frilled lizards
  9 kobolds
  5 rats
319 creatures vanquished.

Vanquished Creatures (others)
  A gnoll (D:5)
  A quokka (D:4)
  3 fungi (D:3)
  34 plants
39 creatures vanquished.

Grand Total: 358 creatures vanquished

Notes
Turn   | Place    | Note
-------+----------+-------------------------------------------
     0 | D:1      | Cykl0x the Gargoyle Gladiator began the quest for the Orb.
     0 | D:1      | Reached XP level 1. HP: 12/12 MP: 1/1
    36 | D:1      | Found a faded altar of an unknown god.
   133 | D:1      | Reached XP level 2. HP: 18/18 MP: 2/2
   536 | D:1      | Reached skill level 3 in Long Blades
   736 | D:1      | Reached XP level 3. HP: 22/22 MP: 4/4
   835 | D:1      | Learned a level 2 spell: Wereblood
   957 | D:2      | Reached skill level 1 in Spellcasting
  1147 | D:2      | Reached skill level 1 in Armour
  1209 | D:2      | Reached XP level 4. HP: 18/27 MP: 5/5
  1975 | D:3      | Reached skill level 1 in Transmutations
  1975 | D:3      | Reached XP level 5. HP: 31/31 MP: 4/7
  2082 | D:3      | Found a glowing silver altar of Zin.
  2083 | D:3      | Noticed an angel
  2085 | D:3      | Found a shimmering altar of Xom.
  2105 | D:3      | Became a worshipper of Zin the Law-Giver
  2278 | D:3      | Found Immo's Assorted Antiques.
  2290 | D:3      | Bought a fuming pink potion for 18 gold pieces
  2290 | D:3      | Bought a scroll labelled ETEW VOESH for 21 gold pieces
  2631 | D:3      | Reached XP level 6. HP: 28/36 MP: 7/9
  2726 | D:3      | Found a runed translucent gate.
  2726 | D:3      | Found a runed translucent gate.
  2727 | D:3      | Found a runed translucent gate.
  2728 | D:3      | Noticed vim's ghost (amateur VSFi)
  2812 | D:3      | Reached skill level 4 in Long Blades
  2893 | D:3      | Zin protects you from harm!
  2895 | D:3      | Reached skill level 1 in Invocations
  2898 | D:3      | HP: 1/36 [wight (5)]
  2983 | D:3      | Reached XP level 7. HP: 38/41 MP: 10/10
  3107 | D:4      | Identified the +0 hat of Midnight {Harm}
  3162 | D:4      | Reached * piety under Zin
  3355 | D:4      | Found a transporter.
  3366 | D:4      | Found a transporter.
  3368 | D:4      | Noticed Ywein's ghost (amateur VSBe)
  3387 | D:4      | Reached skill level 5 in Long Blades
  3387 | D:4      | Reached XP level 8. HP: 40/46 MP: 12/12
  3597 | D:5      | Entered Level 5 of the Dungeon
  3864 | D:5      | Reached ** piety under Zin
  4351 | D:6      | Noticed a yak
  4369 | D:6      | Killed a yak
  4370 | D:6      | Reached skill level 6 in Long Blades
  4370 | D:6      | Reached XP level 9. HP: 48/52 MP: 15/15
  4451 | D:6      | Reached skill level 5 in Armour
  4695 | D:6      | Found a sparkling altar of Nemelex Xobeh.
  4772 | D:6      | Found a staircase to the Ecumenical Temple.
  4781 | Temple   | Entered the Ecumenical Temple
  4822 | Temple   | Fell from the grace of Zin
  4822 | Temple   | Became a worshipper of the Shining One
  4822 | Temple   | Reached * piety under the Shining One
  5170 | D:7      | Found an iron altar of Okawaru.
  5170 | D:7      | Found a radiant altar of Vehumet.
  5170 | D:7      | Found a sacrificial altar of Ru.
  5170 | D:7      | Found an ancient bone altar of Kikubaaqudgha.
  5245 | D:7      | Found a runed translucent gate.
  5245 | D:7      | Found a runed translucent gate.
  5247 | D:7      | Found a runed translucent gate.
  5248 | D:7      | Noticed lasso's ghost (novice DDFi)
  5436 | D:7      | Reached skill level 7 in Long Blades
  5436 | D:7      | Reached XP level 10. HP: 58/58 MP: 17/17
  5477 | D:7      | Found a white marble altar of Elyvilon.
  5501 | D:7      | Reached skill level 5 in Fighting
  5861 | D:7      | Reached skill level 5 in Spellcasting
  6206 | D:8      | Reached ** piety under the Shining One
  6220 | D:8      | Reached skill level 1 in Shields
  6395 | D:8      | Reached skill level 5 in Invocations
  6404 | D:8      | Noticed Maurice
  6429 | D:8      | Killed Maurice
  6453 | D:8      | Found a staircase to the Lair.
  6959 | D:8      | Found a snail-covered altar of Cheibriados.
  7175 | D:9      | Reached skill level 8 in Long Blades
  7389 | D:9      | Reached XP level 11. HP: 64/64 MP: 19/19
  7444 | D:9      | Found a hide-covered altar of Uskayaw.
  7742 | D:9      | Found a shimmering blue altar of Sif Muna.
  7885 | D:10     | Entered Level 10 of the Dungeon
  8118 | D:10     | Found an opulent altar of Gozag.
  8164 | D:10     | Reached skill level 5 in Transmutations
  8198 | D:10     | Noticed a two-headed ogre
  8206 | D:10     | Killed a two-headed ogre
  8299 | D:10     | Found a shadowy altar of Dithmenos.
  8485 | D:10     | Learned a level 1 spell: Shock
  8568 | D:10     | Reached skill level 9 in Long Blades
  8792 | D:11     | Noticed a centaur warrior
  8794 | D:11     | Noticed a boulder beetle
  8807 | D:11     | Killed a centaur warrior
  8808 | D:11     | Reached skill level 1 in Conjurations
  8813 | D:11     | Killed a boulder beetle
  8814 | D:11     | Reached skill level 1 in Air Magic
  9129 | D:11     | Noticed a green ugly thing
  9131 | D:11     | Noticed a cyclops
  9162 | D:11     | Killed a green ugly thing
  9177 | D:11     | Killed a cyclops
  9387 | D:12     | Noticed a cyclops
  9399 | D:11     | Killed a cyclops
  9456 | D:12     | Noticed a boulder beetle
  9474 | D:12     | Killed a boulder beetle
  9475 | D:12     | Reached XP level 12. HP: 32/71 MP: 20/20
  9550 | D:12     | Found Joeryiro's Antique Weapon Boutique.
  9553 | D:12     | Noticed a death knight
  9576 | D:12     | Killed a death knight
  9586 | D:12     | Noticed a two-headed ogre
  9593 | D:12     | Killed a two-headed ogre
 10016 | D:12     | Reached *** piety under the Shining One
 10059 | D:12     | Noticed a boulder beetle
 10079 | D:12     | Found a staircase to the Orcish Mines.
 10095 | D:12     | Killed a boulder beetle
 10385 | D:12     | Gained mutation: You have sharp fingernails. [potion of
                  | mutation]
 10385 | D:12     | Lost mutation: You have sharp fingernails. [potion of
                  | mutation]
 10391 | D:12     | Gained mutation: You are agile. (Dex +2) [potion of
                  | mutation]
 10391 | D:12     | Gained mutation: You occasionally shout uncontrollably at
                  | your foes. [potion of mutation]
 10391 | D:12     | Gained mutation: You are dopey. (Int -2) [potion of
                  | mutation]
 10391 | D:12     | Gained mutation: You are partially covered in iridescent
                  | scales. (AC +2) [potion of mutation]
 10392 | D:12     | Lost mutation: You are partially covered in iridescent
                  | scales. (AC +2) [potion of mutation]
 10392 | D:12     | Lost mutation: You occasionally shout uncontrollably at
                  | your foes. [potion of mutation]
 10392 | D:12     | Gained mutation: You are very agile. (Dex +4) [potion of
                  | mutation]
 10392 | D:12     | Gained mutation: Your muscles are strong. (Str +2) [potion
                  | of mutation]
 10392 | D:12     | Gained mutation: Your large and strong wings let you fly.
                  | [potion of mutation]
 10558 | D:12     | Noticed a centaur warrior
 10563 | D:12     | Noticed a centaur warrior
 10564 | D:12     | Noticed a tengu warrior
 10564 | D:12     | Noticed a war gargoyle
 10569 | D:12     | Noticed a stone giant
 10571 | D:12     | Noticed a crystal guardian
 10572 | D:12     | Reached skill level 10 in Long Blades
 10572 | D:12     | Noticed a vampire knight
 10585 | D:12     | HP: 3/72 [centaur warrior/arrow (16)]
 10585 | D:12     | HP: 1/72 [centaur warrior/arrow (2)]
 10586 | D:12     | Shot with an arrow by a centaur warrior

Illustrated notes

Levels and vault maps discovered:
D:1:      psy_arrival_basics, layout_loops_ring,
          shapermc_ecumenical_altar_ellora
D:2:      layout_basic
D:3:      layout_basic, grunt_temple_overflow_order_and_chaos_1,
          gammafunk_ghost_nasty_kobolds, serial_shops,
          nicolae_shop_overgrown_old_shop, kennysheep_nondescript,
          grunt_ministairs_9, hangedman_decor_push,
          hangedman_decor_clover_reticule, kennysheep_generic_room_12
D:4:      layout_rooms, gammafunk_ghost_smash, minmay_increasing_density
D:5:      layout_rooms
D:6:      layout_rooms, nemelex_diamond_rough_becter, temple_fountains,
          serial_bayou, serial_bayou_pond_e, serial_bayou_pond_c,
          serial_bayou_lake_a, serial_bayou_pond_e, serial_park_tiny_1,
          minmay_ogre_servants
D:7:      layout_loops_corners, nicolae_elyvilon_peaceful_grove,
          chequers_temple_overflow_statue_of_worship,
          gammafunk_ghost_necromancy, chequers_serial_rivers_room_b,
          minmay_fountain_box
D:8:      layout_gridville, lemuel_coloured_pillars_altar,
          grunt_lair_entry_orc_guard_hut, st_stairs_8, uniq_maurice
D:9:      layout_roguey, kennysheep_orc_sif_temple,
          nicolae_uskayaw_murder_on_the_dancefloor
D:10:     layout_loops_ring, nicolae_gozag_cash_rules_everything_around_me,
          mainiacjoe_overflow_surrounded_room
D:11:     layout_basic
D:12:     minmay_guarded_unrand_guard, layout_basic,
          kennysheep_orc_monster_closet_entryway, serial_shops, shop_statue
Temple:   pf_slimified_temple

Skill      XL: |  1  2  3  4  5  6  7  8  9 10 11 12 |
---------------+-------------------------------------+-----
Long Blades    | 3 4 5 6 7 8 9 10 | 10.0
Spellcasting   | 1 2 3 4 5 6 |  6.0
Armour         | 1 2 3 4 5 6 7 8 |  8.6
Transmutations | 1 2 3 4 5 |  5.2
Throwing       | 2 3 |  3.7
Invocations    | 1 2 3 4 5 7 |  7.7
Fighting       | 3 4 5 6 7 |  7.1
Dodging        | 3 4 |  4.9
Shields        | 1 2 3 |  3.1
Conjurations   | 2 4 |  4.4
Air Magic      | 1 3 |  3.2

Action                   |  1- 3 |  4- 6 |  7- 9 | 10-12 || total
-------------------------+-------+-------+-------+-------++-------
Melee: Long sword        |    97 |   128 |       |       ||   225
       Scimitar          |       |    39 |   351 |   724 ||  1114
Throw: Stone             |    26 |    18 |    33 |     8 ||    85
       Throwing net      |       |       |     5 |       ||     5
       Dart              |       |       |    25 |    27 ||    52
 Cast: Wereblood         |       |       |       |    29 ||    29
       Shock             |       |       |       |    24 ||    24
Invok: Recite            |       |       |     2 |       ||     2
       Vitalisation      |       |       |     2 |       ||     2
       Divine Shield     |       |       |       |     3 ||     3
  Use: Scroll            |       |     4 |     9 |     2 ||    15
       Potion            |       |     1 |       |     7 ||     8
 Stab: Held in net/web   |       |       |     3 |       ||     3
Armor: Leather armour    |    16 |       |       |       ||    16
       Ring mail         |    19 |    46 |       |       ||    65
       Scale mail        |       |    24 |   149 |   139 ||   312
       Acid dragon scale |       |       |       |   238 ||   238
Dodge: Dodged            |    90 |   172 |   236 |   573 ||  1071
Block: Buckler           |       |       |    25 |   205 ||   230
       Rpst.: Long sword |    24 |    53 |       |       ||    77
       Scimitar          |       |    10 |    63 |   141 ||   214
